cohdb
Replays
Latest Replays
All Replays
Popular Replays
Top Player Replays
Match Explorer
How It Works
Community
CoH3 Stats
Reddit
Sign in to upload your games and track your stats! →
Sign in with Steam
Match 43446184
Unlisted
Match 43446184
Overview
Messages
Build Orders
End
Construct Weapon Support Center
Engineer Squad
M1919 Machine Gun Team
Bazooka Squad
M1919 Machine Gun Team
Infantry Support Center
Construct Medical Station
M3 Armored Personnel Carrier
Construct Barracks
M1919 Machine Gun Team
M1 Mortar Team
Construct Tank Depot
.30 cal Machine Gun
M4(105) Sherman Bulldozer
M4A1 Sherman Medium Tank
Engineer Squad
Forward Retreat Point
Advanced Logistics
[TW]S.C.
Zaadschieter
Mellow Elf
Potato Elf
Base rush noobs #
daridarar8
Diabolus
灬柒霜傲雪乄
0
0
Comments
sign in to comment!
No comments posted yet!